 Dungeon Crawl Stone Soup version 0.31.0-12-g77e489cdc1 (webtiles) character file.

Game seed: 8359437610768451069

9928 bearlyready the Grappler (level 11, -2/97 HPs)
             Began as a Troll Shapeshifter on Feb 11, 2024.
             Was an Initiate of Gozag.
             Slain by a wraith (5 damage)
             ... led by Josephine
             ... on level 10 of the Dungeon.
             The game lasted 00:13:21 (8206 turns).

bearlyready the Grappler (Troll Shapeshifter)       Turns: 8206, Time: 00:13:21

Health: -2/97      AC: 11    Str: 32    XL:     11   Next: 29%
Magic:  0/11       EV:  9    Int:  5    God:    Gozag
Gold:   957        SH:  0    Dex:  8    Spells: 10/10 levels left

rFire   . .          .
                       - Unarmed
rCold   . . .        (no shield)
rNeg    . . .        L - +0 steam dragon scales
rPois   +            (helmet currently unavailable)
rElec   .            (cloak currently unavailable)
rCorr   .            (gloves unavailable)
SInv    .            (boots unavailable)
Will    +....        y - amulet of guardian spirit
Stlth   +            m - ring of poison resistance
HPRegen 1.16/turn    D - +4 ring of protection
MPRegen 0.12/turn

%: guardian spirit
@: lethally poisoned (-2 -> -2), beast-form, gold aura, enlightened, flying,
hasted and slowed, invisible
A: beast (slay +4), large, unfitting armour, claws 3, regeneration 1, shaggy fur
1, tough skin 1, high MP 1, strong 1
a: Begin Untransformation, Renounce Religion, Potion Petition, Call Merchant,
Bribe Branch


You were on level 10 of the Dungeon.
You worshipped Gozag.
Gozag was pleased with you.
You were a hulking beast.
You visited 2 branches of the dungeon, and saw 11 of its levels.

You collected 1196 gold pieces.
You spent 105 gold pieces at shops.
You paid 134 gold pieces to Gozag.

Inventory:

Missiles
 e - 83 stones
 t - 4 javelins (quivered)
 v - 6 silver javelins
 x - 5 boomerangs
 N - 50 poisoned darts
 O - 2 curare-tipped darts
Armour
 a - a +0 animal skin
 o - a +0 cloak
 L - +0 steam dragon scales (worn)
 U - a +1 robe of cold resistance
Jewellery
 g - a ring of wizardry
 m - a ring of poison resistance (left claw)
 y - an amulet of guardian spirit (around neck)
 C - a ring of protection from cold
 D - a +4 ring of protection (right claw)
 G - a ring of protection from cold
 M - an amulet of regeneration
 T - a ring of ice
Talismans
 c - a beast talisman
 d - a flux talisman
 K - a serpent talisman
 R - a maw talisman
 S - a serpent talisman
Wands
 q - a wand of polymorph (11)
 z - a wand of flame (24)
 A - a wand of iceblast (10)
 H - a wand of light (1)
 I - a wand of charming (15)
Scrolls
 f - 2 scrolls of immolation
 h - 2 scrolls of revelation
 j - 3 scrolls of poison
 k - 2 scrolls of amnesia
 l - 3 scrolls of vulnerability
 n - 3 scrolls of noise
 r - 2 scrolls of teleportation
 B - a scroll of brand weapon
 F - 2 scrolls of enchant weapon
 Q - a scroll of fear {unknown}
Potions
 i - 3 potions of attraction
 s - a potion of invisibility
 w - a potion of mutation
 E - a potion of brilliance {unknown}
 J - a potion of haste
 P - a potion of enlightenment


   Skills:
 - Level 3.0 Fighting
 - Level 4.0 Throwing
 - Level 1.5 Dodging
 + Level 11.9 Unarmed Combat
 - Level 3.0 Evocations
 + Level 11.0 Shapeshifting


You had 10 spell levels left.
You didn't know any spells.
Your spell library contained the following spells:

 Spells                   Type           Power      Damage    Failure   Level
 Foxfire                  Conj/Fire      0%         2x1d4     47%         1
 Call Imp                 Summ           0%         N/A       63%         2
 Lesser Beckoning         Tloc           0%         N/A       63%         2
 Sublimation of Blood     Necr           0%         N/A       63%         2
 Gell's Gravitas          Tloc           0%         N/A       85%         3
 Teleport Other           Tloc           0%         N/A       85%         3
 Tukima's Dance           Hex            0%         N/A       85%         3
 Dimensional Bullseye     Hex/Tloc       0%         N/A       99%         4
 Iskenderun's Mystic Bla  Conj/Tloc      0%         2d3       99%         4
 Passage of Golubria      Tloc           0%         N/A       99%         4
 Vhi's Electric Charge    Tloc/Air       0%         N/A       99%         4
 Arcjolt                  Conj/Air       0%         1d10      100%        5
 Silence                  Hex/Air        0%         N/A       100%        5
 Plasma Beam              Fire/Air       0%         2x1d10    100%        6
 Starburst                Conj/Fire      0%         6d3       100%        6
 Summon Hydra             Summ           0%         N/A       100%        7
 Lehudib's Crystal Spear  Conj/Erth      0%         10d2      100%        8


Dungeon Overview and Level Annotations

Branches:
Dungeon (10/15)            Temple (1/1) D:7            Lair (0/5) D:10
    Orc: D:9-12

Altars:
Ashenzari
Cheibriados
Dithmenos
Elyvilon
Fedhas
Gozag
Hepliaklqana
Kikubaaqudgha
Makhleb
Nemelex Xobeh
Okawaru
Qazlal
Ru
Sif Muna
Trog
Uskayaw
Vehumet
Wu Jian
Xom
Yredelemnul
Zin
The Shining One

Shops:
D:9 ?   D:10 [

Annotations:
D:7 3 runed translucent doors, ShellytheWitch's ghost, novice KoBr


Innate Abilities, Weirdness & Mutations

You are a hulking beast.
Your limbs bulge with bestial killing power. (Slay +4)
You are too large for most types of armour.
You have claws for hands.
Your natural rate of healing is unusually fast.
You are covered in fur. (AC +1)
You have tough skin. (AC +1)
You have an increased reservoir of magic. (+10% MP)
Your muscles are strong. (Str +4, Int/Dex -1)


Message History

* * * LOW HITPOINT WARNING * * *
The wraith drains your vigour!
You feel as though you will be slow longer.
Your life force feels restored.
Your Shapeshifting skill increases to level 11!
You scratch the wraith but do no damage.
You feel very sick. The wraith hits you.
* * * LOW HITPOINT WARNING * * *
The wraith drains your vigour!
You feel as though you will be slow longer.
The wraith hits you!
* * * LOW HITPOINT WARNING * * *
The wraith drains your vigour!
You feel as though you will be slow longer.
It was a potion of mutation.
You feel extremely strange.
You feel more energetic.
You feel stronger.
You feel sick.
A vampire mosquito comes into view.
The wraith is distracted by your dazzling golden aura.
The wraith barely misses you. The wraith hits you!
* * * LOW HITPOINT WARNING * * *
The wraith drains your vigour!
You feel as though you will be slow longer.
The wraith hits you. The wraith drains your vigour!
You feel as though you will be slow longer.
The wraith hits you but does no damage.
Okay, then.
Okay, then.
It was a potion of haste.
You feel yourself speed up.
You feel sick.
The vampire mosquito buzzes angrily.
The vampire mosquito is distracted by your dazzling golden aura.
The wraith hits you but does no damage. x2
It was a potion of enlightenment.
You feel very buoyant.
You fly up into the air.
You feel sick.
A vampire mosquito comes into view.
The wraith misses you. The wraith hits you.
You die...
Your body crumbles into a pile of gold.

.##########.#
............#
.#########..#
.#########..#
..........).# ######.
##########..# .......
##########..# ###.......
............####W#.......
................hW......W
...............#W#.......
.......##y.....$.#.......
...######.y......#.......
###.## #.........####....
..##.###.........# ....
#..#.##.........# ...
###.#)#....#....# ..
..##.##..........#


You could see 3 wraiths and 2 vampire mosquitoes.

Vanquished Creatures
  Josephine (D:10)
  A hydra (D:10)
  Fannar (D:10)
  A centaur warrior (D:10)
  A two-headed ogre (D:9)
  Maggie (D:8)
  A kobold demonologist (D:8)
  A troll (D:7)
  Grinder (D:3)
  Prince Ribbit (D:8)
  3 wraiths (D:10)
  Sigmund (D:4)
  A vampire (D:10)
  A wyvern (D:10)
  8 yaks
  Eustachio (D:6)
  3 vampire mosquitoes (D:10)
  Edmund (D:4)
  2 water moccasins
  2 orc warriors (D:8)
  3 centaurs
  10 kobold brigands (D:8)
  A phantom (D:6)
  2 bullfrogs
  3 scorpions
  4 wights (D:8)
  10 killer bees
  2 electric eels (D:8)
  A bombardier beetle (D:4)
  3 howler monkeys
  4 hounds
  3 orc priests
  A jelly (D:5)
  A gnoll bouda (D:4)
  Ijyb (D:5)
  An iguana (D:7)
  2 sleepcaps
  11 orc wizards
  Robin (D:5)
  12 gnolls
  12 adders
  A white imp (D:6)
  2 ufetubi (D:6)
  2 ribbon worms (D:2)
  3 dart slugs
  27 orcs
  13 ball pythons
  7 endoplasms
  A giant cockroach (D:2)
  9 goblins
  12 hobgoblins
  8 jackals (D:1)
  13 kobolds
  A quokka (D:5)
  16 bats
  6 frilled lizards
  8 rats
250 creatures vanquished.

Vanquished Creatures (others)
  A goblin (D:5)
1 creature vanquished.

Grand Total: 251 creatures vanquished

Notes
Turn   | Place    | Note
-------+----------+-------------------------------------------
     0 | D:1      | bearlyready the Troll Shapeshifter began the quest for the
                  | Orb.
     0 | D:1      | Reached XP level 1. HP: 18/18 MP: 0/0
    18 | D:1      | Reached XP level 2. HP: 23/26 MP: 1/1
   227 | D:1      | Reached XP level 3. HP: 25/32 MP: 2/2
   807 | D:2      | Reached XP level 4. HP: 40/40 MP: 3/3
  1119 | D:2      | Found a faded altar of an unknown god.
  1466 | D:3      | Noticed Grinder
  1489 | D:3      | Killed Grinder
  1490 | D:3      | Reached skill level 5 in Unarmed Combat
  1490 | D:3      | Reached skill level 5 in Shapeshifting
  1490 | D:3      | Reached XP level 5. HP: 14/46 MP: 4/4
  1490 | D:3      | Reached XP level 6. HP: 16/54 MP: 5/5
  2564 | D:4      | Reached skill level 1 in Throwing
  2795 | D:4      | Noticed Edmund
  2803 | D:4      | Killed Edmund
  2804 | D:4      | Reached XP level 7. HP: 50/61 MP: 6/6
  2949 | D:4      | Noticed Sigmund
  2955 | D:4      | Killed Sigmund
  3057 | D:5      | Entered Level 5 of the Dungeon
  3111 | D:5      | Noticed Ijyb
  3123 | D:5      | Killed Ijyb
  3123 | D:5      | Identified the +2 helmet of Zanenle {rC+ Will+ Str+4}
  3123 | D:5      | Noticed Robin
  3134 | D:5      | Reached skill level 1 in Evocations
  3139 | D:5      | Reached XP level 8. HP: 47/68 MP: 7/7
  3146 | D:5      | Killed Robin
  3325 | D:5      | Reached skill level 1 in Fighting
  3791 | D:6      | Noticed Eustachio
  3798 | D:6      | Killed Eustachio
  4186 | D:6      | Found an ornate altar of the Wu Jian Council.
  4228 | D:6      | Reached XP level 9. HP: 80/80 MP: 8/8
  4532 | D:7      | Noticed a troll
  4538 | D:7      | Killed a troll
  4805 | D:7      | Found a staircase to the Ecumenical Temple.
  4903 | D:7      | Found a runed translucent gate.
  4904 | D:7      | Found a runed translucent gate.
  4904 | D:7      | Found a runed translucent gate.
  4907 | D:7      | Noticed ShellytheWitch's ghost (novice KoBr)
  5000 | Temple   | Entered the Ecumenical Temple
  5022 | Temple   | Became a worshipper of Gozag Ym Sagoz the Greedy
  5644 | D:8      | Noticed Prince Ribbit
  5650 | D:8      | Killed Prince Ribbit
  5711 | D:8      | Noticed Maggie
  5724 | D:8      | Killed Maggie
  6287 | D:8      | Found a blossoming altar of Fedhas.
  6287 | D:8      | Found a basalt altar of Yredelemnul.
  6396 | D:8      | Found a shimmering blue altar of Sif Muna.
  6476 | D:8      | Noticed a kobold demonologist
  6479 | D:8      | Noticed a hellwing
  6480 | D:8      | Reached XP level 10. HP: 89/91 MP: 7/9
  6756 | D:9      | Found a shadowy altar of Dithmenos.
  6756 | D:9      | Found a snail-covered altar of Cheibriados.
  6756 | D:9      | Noticed a two-headed ogre
  6768 | D:9      | Killed a two-headed ogre
  6769 | D:9      | Reached skill level 10 in Unarmed Combat
  7327 | D:9      | Found Josyud's Magic Scroll Shop.
  7329 | D:9      | Bought a scroll of revelation for 105 gold pieces
  7632 | D:10     | Entered Level 10 of the Dungeon
  7727 | D:10     | Found Ezun's Armour Boutique.
  7813 | D:10     | Reached skill level 10 in Shapeshifting
  7838 | D:10     | Found a staircase to the Lair.
  7855 | D:10     | Noticed Fannar
  7895 | D:10     | Killed Fannar
  7896 | D:10     | Reached XP level 11. HP: 49/97 MP: 2/10
  8040 | D:10     | Noticed a centaur warrior
  8048 | D:10     | Noticed a five-headed hydra
  8050 | D:10     | Killed a centaur warrior
  8075 | D:10     | HP: 4/97 [six-headed hydra (7)]
  8079 | D:10     | Killed a six-headed hydra
  8185 | D:10     | Noticed Josephine
  8202 | D:10     | Killed Josephine
  8204 | D:10     | Gained mutation: You have an increased reservoir of magic.
                  | (+10% MP) [potion of mutation]
  8204 | D:10     | Gained mutation: Your muscles are strong. (Str +4, Int/Dex
                  | -1) [potion of mutation]
  8204 | D:10     | HP: 3/97 [wraith[Josephine] (7)]
  8206 | D:10     | Slain by a wraith

Illustrated notes

Levels and vault maps discovered:
D:1:      dpeg_arrival_fog, layout_loops_ring, minmay_nonomino_d4
D:2:      layout_rooms, hellmonk_ecumenical_altar_zigzags, st_stairs_8,
          small_statue_intersection, minmay_misc_feat_rugged, solitary_fountain
D:3:      layout_basic, solitary_fountain, minmay_fountain_box,
          chequers_mini_garden, grunt_ministairs_15, saegor_snake_ambush,
          uniq_crazy_yiuf_cottage, uniq_grinder
D:4:      layout_loops_ring, uniq_edmund, uniq_sigmund
D:5:      layout_rooms, grunt_decor_junction, nicolae_goblin_pals
D:6:      layout_loops_cross, pdpol_wu_jian_five_deadly_venoms, roderic_batcave,
          nicolae_eternal_life, chequers_garden, serial_bayou_pond_d,
          uniq_eustachio
D:7:      layout_loops_ring, minmay_temple_entry_offerings,
          ebering_ghost_rock_garden, lemuel_flamethrower_2
D:8:      layout_gridville, kennysheep_orc_sif_temple,
          nicolae_overflow_two_pavilions, special_room [special_room_kobold],
          patterned_corridor, uniq_prince_ribbit1, uniq_maggie
D:9:      layout_loops_corners, jmf_multi_god_temple, serial_shops, shop
D:10:     minmay_ornate_pinched, layout_basic, serial_shops,
          nicolae_shop_rolling_square, minmay_parallelograms, uniq_fannar,
          uniq_josephine
Temple:   nicolae_temple_elliptical

Skill      XL: |  1  2  3  4  5  6  7  8  9 10 11 |
---------------+----------------------------------+-----
Unarmed Combat | 4 5 6 7 9 11 | 11.9
Shapeshifting  | 5 6 8 10 11 | 11.0
Throwing       | 1 2 4 |  4.0
Evocations     | 1 2 3 |  3.0
Fighting       | 2 3 |  3.0
Dodging        | |  1.5

Action                     |  1- 3 |  4- 6 |  7- 9 | 10-12 || total
---------------------------+-------+-------+-------+-------++-------
  Melee: Unarmed           |    82 |   108 |   267 |   178 ||   635
         Punch             |     3 |     4 |    11 |    11 ||    29
  Throw: Javelin           |       |     5 |       |     3 ||     8
         Dart              |       |       |       |     4 ||     4
         Boomerang         |       |       |       |     3 ||     3
  Evoke: Wand              |       |       |     8 |    12 ||    20
    Use: Potion            |       |       |     1 |     8 ||     9
         Scroll            |       |       |       |    10 ||    10
   Stab: Invisible         |       |       |       |     3 ||     3
 Armour: Animal skin       |    40 |    74 |   165 |       ||   279
         Steam dragon scal |       |       |    49 |   245 ||   294
         Skin              |       |       |       |    47 ||    47
  Dodge: Dodged            |    37 |    49 |   108 |    93 ||   287
